 Dungeon Crawl Stone Soup version 0.20.0-10-g0535bb4 (webtiles) character file.

95 Lexie the Firebug (level 4, -3/27 HPs)
             Began as an Octopode Fire Elementalist on June 6, 2017.
             Killed from afar by Sigmund (4 damage)
             ... with a magic dart
             ... on level 2 of the Dungeon on June 7, 2017.
             The game lasted 00:03:27 (2725 turns).

Lexie the Firebug (Octopode Fire Elementalist)      Turns: 2725, Time: 00:03:27

Health: -3/27      AC:  1    Str:  7    XL:     4   Next: 66%
Magic:  4/8        EV: 13    Int: 18    God:
Gold:   64         SH:  0    Dex: 12    Spells: 8/9 levels left

rFire    . . .     SeeInvis .   f - -2 dagger (curse)
rCold    . . .     Gourm    .   (no shield)
rNeg     . . .     Faith    .   (helmet restricted)
rPois    .         Spirit   .   (no amulet)
rElec    .         Reflect  .   (no ring)
rCorr    .         Harm     .   (no ring)
MR       .....                  (no ring)
Stlth    +++.......             (no ring)
Regen    0.1/turn               (no ring)
MPRegen  0.2/turn               (no ring)
                                (no ring)
                                (no ring)

@: no status effects
A: almost no armour, stealthy swim, amphibious, 8 rings, constrict 8, camouflage
1, gelatinous body 1
a: no special abilities


You were on level 2 of the Dungeon.
You were hungry.

You visited 1 branch of the dungeon, and saw 2 of its levels.

You collected 64 gold pieces.

Inventory:

Hand Weapons
 f - a cursed -2 dagger (weapon)
Jewellery
 h - a +3 ring of dexterity {unknown}
Scrolls
 c - 2 scrolls of fear {unknown}
 d - a scroll of fog {unknown}
 g - 4 scrolls of identify {unknown}
 l - a scroll of remove curse {unknown}
Potions
 e - a potion of mutation {unknown}
 j - a potion of brilliance {unknown}
 k - a potion of curing {unknown}
Books
 a - a book of Flames

   Spells                             Type                      Level
   a - Flame Tongue                   Conjuration/Fire             1
   b - Throw Flame                    Conjuration/Fire             2
   c - Conjure Flame                  Conjuration/Fire             3
   d - Inner Flame                    Hexes/Fire                   3
   e - Sticky Flame                   Conjuration/Fire             4
   f - Fireball                       Conjuration/Fire             5
 i - a book of Maledictions

   Spells                             Type                      Level
   a - Corona                         Hexes                        1
   b - Ensorcelled Hibernation        Hexes/Ice                    2
   c - Confuse                        Hexes                        3
   d - Tukima's Dance                 Hexes                        3
   e - Dazzling Spray                 Conjuration/Hexes            3
Comestibles
 b - a bread ration


   Skills:
 - Level 2.0 Dodging
 - Level 2.6 Stealth
 + Level 3.0 Spellcasting
 + Level 2.5 Conjurations
 + Level 3.8 Fire Magic


You had 8 spell levels left.
You knew the following spells:

 Your Spells              Type           Power        Failure   Level  Hunger
a - Flame Tongue          Conj/Fire      ##...        4%          1    None


Dungeon Overview and Level Annotations

Branches:
Dungeon (2/15)

Altars:
Okawaru
Ru

Annotations:
D:2 Sigmund


Innate Abilities, Weirdness & Mutations

You cannot wear most types of armour.
You are very stealthy in the water. (Stealth+)
You are amphibious.
You can wear up to eight rings at the same time.
You can use your tentacles to constrict eight enemies at once.
Your skin changes colour to match your surroundings (Stealth+).
Your rubbery body absorbs attacks. (AC +1, EV +1)


Message History

Casting: Flame Tongue
Confirm with . or Enter, or press ? or * to list all spells.
Aiming: Flame Tongue
Press: ? - help, Shift-Dir - straight line, f/p - Sigmund
Aim: Sigmund, wielding a scythe of freezing and wearing a robe (heavily wounded)
The flame tongue hits Sigmund.
Sigmund is almost dead.
Sigmund casts a spell.
Sigmund flickers and vanishes!
Deactivating autopickup; reactivate with Ctrl-A.
Casting: Flame Tongue
Confirm with . or Enter, or press ? or * to list all spells.
You can't see any susceptible monsters within range! (Use Z to cast anyway.)
Something hits you.
* * * LOW HITPOINT WARNING * * *
Something freezes you.
* * * LOW HITPOINT WARNING * * *
A magic dart appears from out of thin air!
The magic dart hits you!
You die...

.#.#...............#####.##
###........#######..<.....#
# ##.......#
#######..#######
###........#######
#....>....
.#.#>...<..<.)...#
##........
#.##.......#####.#
######### #.#####.#### #.#
..#####.## #.# .........#
####@###### .######..#
#.........# # .# ##..#
#.##.####.# # .#
##.#.####.##..# #####
.####.###.......#.#
#######.... .....##
##.##.#.... .......<...
..###.###.###.###.##
###.###..## ...###.#.## #.#
.# #.... ##.# #..## #.# .#
###....


There were no monsters in sight!

Vanquished Creatures
  4 adders (D:2)
  3 dart slugs
  2 ball pythons
  A giant cockroach (D:1)
  5 goblins
  5 hobgoblins (D:1)
  7 jackals
  8 kobolds
  7 bats
  2 frilled lizards (D:1)
  7 rats
51 creatures vanquished.

Notes
Turn   | Place    | Note
-------+----------+-------------------------------------------
     0 | D:1      | Lexie the Octopode Fire Elementalist began the quest for the Orb.
     0 | D:1      | Reached XP level 1. HP: 11/11 MP: 3/3
   422 | D:1      | Reached XP level 2. HP: 11/17 MP: 1/5
   925 | D:1      | Reached XP level 3. HP: 21/21 MP: 4/6
  1755 | D:2      | Found a sacrificial altar of Ru.
  1772 | D:2      | Reached XP level 4. HP: 27/27 MP: 4/8
  1937 | D:2      | Noticed Sigmund
  2401 | D:2      | Found an iron altar of Okawaru.
  2722 | D:2      | HP: 1/27 [something (1)]
  2725 | D:2      | Killed from afar by Sigmund

Skill      XL: |  1  2  3  4 |
---------------+-------------+-----
Conjurations   | 2 |  2.5
Spellcasting   | 3 |  3.0
Dodging        | |  2.0
Stealth        | |  2.6
Fire Magic     | |  3.8

Action                   |  1- 3 |  4- 6 || total
-------------------------+-------+-------++-------
Melee: Unarmed           |    11 |       ||    11
       Constrict         |     4 |     8 ||    12
       Dagger            |    14 |    15 ||    29
       Tentacles         |     1 |     2 ||     3
 Cast: Flame Tongue      |    48 |    31 ||    79
 Stab: Sleeping          |     3 |       ||     3
  Eat: Chunk             |     3 |     2 ||     5
Armor: Skin              |     4 |     1 ||     5
Dodge: Dodged            |    27 |    17 ||    44
